 Dungeon Crawl Stone Soup version 0.19-a0-1268-g6c5d9f8 (webtiles) character file.

1726 truemonolith the Basher (level 9, -2/52 HPs)
             Began as a Gargoyle Gladiator on Aug 29, 2016.
             Was an Initiate of Okawaru.
             Killed by divine providence
             ... invoked by an orc priest
              (13 damage)
             ... on level 7 of the Dungeon.
             The game lasted 00:12:47 (5614 turns).

truemonolith the Basher (Gargoyle Gladiator)        Turns: 5614, Time: 00:12:47

Health: -2/52      AC: 15    Str: 19    XL:     9   Next: 4%
Magic:  9/9        EV: 10    Int:  9    God:    Okawaru [......]
Gold:   286        SH:  0    Dex: 13    Spells: 0 memorised, 8 levels left

rFire  . . .     SeeInvis .     v - +2 dire flail (crush)
rCold  + . .     Gourm    .     r - +0 scale mail {rC+}
rNeg   + . .     Faith    .     (shield currently unavailable)
rPois  ∞         Spirit   .     c - +1 helmet
rElec  +         Dismiss  .     (no cloak)
rCorr  .         Reflect  .     m - +0 pair of gloves
MR     .....     Harm     .     t - +0 pair of boots
Stlth  ..........               (no amulet)
                                (no ring)
                                (no ring)

@: about to teleport
A: negative energy resistance 1, electricity resistance, unbreathing,
petrification resistance, rot immunity, AC +5
a: Renounce Religion


You were on level 7 of the Dungeon.
You worshipped Okawaru.
Okawaru was noncommittal.
You were not hungry.

You visited 2 branches of the dungeon, and saw 8 of its levels.
You also visited: Sewer.

You collected 286 gold pieces.

Inventory:

Hand Weapons
 a - a +0 flail
 v - a +2 dire flail of crushing (weapon)
Missiles
 d - 3 throwing nets (quivered)
Armour
 b - a +0 leather armour
 c - a +1 helmet (worn)
 m - a +0 pair of gloves (worn)
 r - a +0 scale mail of cold resistance (worn)
 t - a +0 pair of boots (worn)
Jewellery
 j - a +2 ring of protection {unknown}
 n - an uncursed amulet of guardian spirit {unknown}
 s - an uncursed ring of magical power {unknown}
 y - a +3 ring of slaying {unknown}
Scrolls
 e - 5 scrolls of remove curse
 g - 4 scrolls of identify
 i - 2 scrolls of teleportation
 o - 3 scrolls of noise
Potions
 h - a potion of mutation {unknown}
 l - 2 potions of resistance
 u - a potion of ambrosia
 x - a potion of invisibility {unknown}
 z - 7 potions of flight
 A - a potion of magic {unknown}
 B - a potion of cure mutation {unknown}
Comestibles
 f - 2 bread rations
 k - a meat ration
 q - 4 fruits
 w - a beef jerky


   Skills:
 + Level 4.4 Fighting
 - Level 11.0 Maces & Flails
 - Level 1.7 Throwing
 - Level 2.4 Dodging


You had 8 spell levels left.
You didn't know any spells.

Dungeon Overview and Level Annotations

Branches:
Dungeon (7/15)             Temple (1/1) D:6

Altars:
Cheibriados
Elyvilon
Fedhas
Gozag
Kikubaaqudgha
Makhleb
Nemelex Xobeh
Okawaru
Sif Muna
Trog
Uskayaw
Xom
Zin
The Shining One


Innate Abilities, Weirdness & Mutations

You are resistant to torment.
Your stone body is resilient. (AC +5)
You are immune to poison.
You resist negative energy. (rN+)
You are resistant to electric shocks. (rElec)
You can survive without breathing.
You are immune to petrification.
You are immune to rotting.


Message History

The orc wizard gestures at you while chanting.
The magic dart hits you!
* * * LOW HITPOINT WARNING * * *
Something hits you but does no damage.
You hit something but do no damage. The orc hits you but does no damage.
The orc wizard points at you and mumbles some strange words.
You are confused.
You barely miss the orc. Something hits you.
* * * LOW HITPOINT WARNING * * *
Something shocks you. You resist.
* * * LOW HITPOINT WARNING * * *
Unknown command.
You feel better.
The orc wizard hits you but does no damage.
The orc hits you but does no damage. Something hits you but does no damage.
As you read the scroll of teleportation, it crumbles to dust.
You feel strangely unstable. Something hits you but does no damage.
The orc priest mumbles some strange prayers to Beogh against you.
Beogh smites you!
You die... .... .. #... .. ..# ... .## ...##. .. .. #..... #.#.# ## #.... #ooo

..
##....###.##.####.
##......#.oo{≈.....
#.. #....@.#####..
#.. ##.....#
+..###......#
#(.)##......#
##......#..##
##....##...#
##....###..#
##......##..#
#...##.......


You could see an orc priest, an orc wizard and 3 orcs.

Vanquished Creatures
  Eustachio (D:4)
  Edmund (D:3)
  An orc warrior (D:6)
  A necrophage (D:6)
  2 ogres (D:4)
  A phantom (D:7)
  A giant frog (D:6)
  4 scorpions
  The ghost of Amnesiac the Chucker, a weakling OgAM (D:3)
  A crimson imp (D:5)
  A centaur zombie (D:6)
  A giant frog skeleton (D:6)
  2 hounds
  An orc priest (D:5)
  Ijyb (D:1)
  Terence (D:2)
  4 orc wizards
  4 worker ants
  A merfolk avatar (Sewer)
  A siren (Sewer)
  A hound skeleton (D:5)
  11 adders
  An ooze (D:1)
  2 worms (D:2)
  2 dart slugs (D:2)
  3 giant geckos
  12 orcs
  5 ball pythons
  8 giant cockroaches
  A goblin (D:1)
  7 hobgoblins
  7 jackals
  A quokka (D:3)
  11 bats
  A giant gecko zombie (D:6)
  6 giant newts
  2 jackal skeletons
  11 kobolds
  A quokka zombie (D:6)
  40 rats
164 creatures vanquished.

Notes
Turn   | Place    | Note
-------+----------+-------------------------------------------
     0 | D:1      | truemonolith the Gargoyle Gladiator began the quest for the Orb.
     0 | D:1      | Reached XP level 1. HP: 12/12 MP: 1/1
   180 | D:1      | Reached XP level 2. HP: 17/17 MP: 2/2
   515 | D:1      | Reached skill level 4 in Maces & Flails
   541 | D:1      | Found a shimmering altar of Xom.
   566 | D:1      | Reached XP level 3. HP: 17/21 MP: 3/3
   769 | D:2      | Noticed Ijyb
   787 | D:1      | Killed Ijyb
   949 | D:2      | Reached XP level 4. HP: 23/26 MP: 4/4
  1033 | D:2      | Reached skill level 5 in Maces & Flails
  1269 | D:2      | Noticed Terence
  1280 | D:2      | Killed Terence
  1506 | D:2      | Reached XP level 5. HP: 21/30 MP: 5/5
  1818 | D:3      | Noticed Amnesiac's ghost (weakling OgAM)
  1841 | D:3      | Killed Amnesiac's ghost
  1841 | D:3      | Reached skill level 6 in Maces & Flails
  2447 | D:3      | Reached XP level 6. HP: 22/35 MP: 6/6
  2673 | D:4      | Noticed Edmund
  2700 | D:3      | Killed Edmund
  2700 | D:3      | Reached skill level 7 in Maces & Flails
  2884 | D:4      | Noticed Eustachio
  2901 | D:4      | Killed Eustachio
  2901 | D:4      | Reached skill level 8 in Maces & Flails
  2901 | D:4      | Reached XP level 7. HP: 36/40 MP: 7/7
  3326 | D:4      | Found a burning altar of Makhleb.
  3369 | D:5      | Entered Level 5 of the Dungeon
  3394 | D:4      | Reached skill level 9 in Maces & Flails
  3409 | D:5      | Reached XP level 8. HP: 38/44 MP: 8/8
  3444 | D:5      | Found a glowing silver altar of Zin.
  3445 | D:5      | Found an opulent altar of Gozag.
  3548 | D:5      | Found a glowing drain.
  3552 | Sewer    | Entered a sewer
  4157 | D:5      | Reached skill level 10 in Maces & Flails
  4608 | D:6      | HP: 2/44 [something/puff of flame (3)]
  4613 | D:6      | Found a staircase to the Ecumenical Temple.
  5298 | D:6      | Reached skill level 11 in Maces & Flails
  5316 | Temple   | Entered the Ecumenical Temple
  5355 | Temple   | Became a worshipper of Warmaster Okawaru
  5585 | D:7      | Reached XP level 9. HP: 52/52 MP: 9/9
  5614 | D:7      | Killed from afar by an orc priest

Vault maps used:
D:1:      lightli_arrival_quake, xom_teletrap_fun
D:2:      uniq_terence, uniq_iyjb
D:4:      kennysheep_little_box, first_bread, uniq_edmund, uniq_eustachio
D:5:      grunt_temple_overflow_gold_and_silver, gup_sewer_entry_spiral
D:7:      wad_guarded_room, grunt_ogre_cave, minmay_misc_feat_ornament
Temple:   nicolae_temple_elliptical
Sewer:    sewer_sea

Skill      XL: |  1  2  3  4  5  6  7  8 |
---------------+-------------------------+-----
Maces & Flails | 4 5 6 8 9 11 | 11.0
Fighting       | 4 |  4.4
Throwing       | |  1.7
Dodging        | |  2.4

Action                   |  1- 3 |  4- 6 |  7- 9 || total
-------------------------+-------+-------+-------++-------
Melee: Flail             |    92 |   200 |       ||   292
       Dire flail        |       |    17 |   335 ||   352
  Use: Scroll            |       |       |    10 ||    10
       Potion            |       |       |     6 ||     6
  Eat: Bread ration      |       |     2 |     2 ||     4
Armor: Leather armour    |    62 |    10 |       ||    72
       Skin              |       |     2 |       ||     2
       Scale mail        |       |   126 |   205 ||   331
Dodge: Dodged            |   108 |   159 |   153 ||   420
